 Dungeon Crawl Stone Soup version 0.20.0-4-g10b340a (webtiles) character file.

571 nikopol the Chopper (level 7, -1/44 HPs)
             Began as a Gargoyle Berserker on May 27, 2017.
             Was a Priest of Trog.
             Slain by Prince Ribbit (11 damage)
             ... on level 5 of the Dungeon.
             The game lasted 00:05:51 (3801 turns).

nikopol the Chopper (Gargoyle Berserker)            Turns: 3801, Time: 00:05:52

Health: -1/44      AC: 13    Str: 21    XL:     7   Next: 34%
Magic:  7/7        EV: 11    Int:  7    God:    Trog [***...]
Gold:   233        SH:  0    Dex: 11    Spells: 6/6 levels left

rFire    . . .     SeeInvis .   B - +0 war axe (vamp)
rCold    . . .     Gourm    .   (no shield)
rNeg     + . .     Faith    .   k - +0 ring mail
rPois    ∞         Spirit   .   A - +0 helmet
rElec    +         Reflect  .   h - +0 cloak
rCorr    .         Harm     .   (no gloves)
MR       .....                  (no boots)
Stlth    +.........             (no amulet)
Regen    0.2/turn               (no ring)
MPRegen  0.1/turn               (no ring)

@: no status effects
A: negative energy resistance 1, electricity resistance, unbreathing,
petrification resistance, rot immunity, AC +4
a: Berserk, Trog's Hand, Burn Spellbooks, Renounce Religion


You were on level 5 of the Dungeon.
You worshipped Trog.
Trog was most pleased with you.
You were not hungry.

You visited 1 branch of the dungeon, and saw 5 of its levels.

You collected 233 gold pieces.

Inventory:

Hand Weapons
 a - a +0 hand axe
 B - a +0 vampiric war axe (weapon)
Missiles
 n - 23 arrows
Armour
 b - a +0 animal skin
 h - a +0 cloak (worn)
 k - a +0 ring mail (worn)
 A - a +0 helmet (worn)
Scrolls
 d - a scroll of remove curse {unknown}
 i - 4 scrolls of identify {unknown}
 j - 2 scrolls of magic mapping {unknown}
 l - a scroll of fear {unknown}
 q - a scroll of fog {unknown}
 t - a scroll of amnesia {unknown}
 w - 3 scrolls of recharging {unknown}
 x - a scroll of enchant weapon {unknown}
 y - a scroll of teleportation {unknown}
 z - a scroll of random uselessness {unknown}
Potions
 e - 2 potions of invisibility {unknown}
 g - a potion of ambrosia {unknown}
 o - a potion of magic {unknown}
 p - a potion of curing {unknown}
 s - a potion of berserk rage {unknown}
 u - a potion of heal wounds {unknown}
Books
 r - a book of Maledictions

   Spells                             Type                      Level
   a - Corona                         Hexes                        1
   b - Ensorcelled Hibernation        Hexes/Ice                    2
   c - Confuse                        Hexes                        3
   d - Tukima's Dance                 Hexes                        3
   e - Dazzling Spray                 Conjuration/Hexes            3
   Trog disapproves of the use of such an item.
Comestibles
 c - 4 bread rations
 f - a chunk of flesh
 m - 2 meat rations
 v - a royal jelly


   Skills:
 + Level 4.8 Fighting
 + Level 5.6 Axes
 + Level 4.3 Armour
 + Level 2.4 Dodging
 + Level 0.5 Stealth


You had 6 spell levels left.
You didn't know any spells.

Dungeon Overview and Level Annotations

Branches:
Dungeon (5/15)             Temple (0/1) D:4

Altars:
Cheibriados
Sif Muna
Trog

Annotations:
D:5 Prince Ribbit


Innate Abilities, Weirdness & Mutations

You are resistant to torment.
Your stone body is resilient. (AC +4)
You are immune to poison.
You resist negative energy. (rN+)
You are resistant to electric shocks. (rElec)
You can survive without breathing.
You are immune to petrification.
You are immune to rotting.


Message History

Prince Ribbit blinks! x2
Prince Ribbit blinks!
There is a stone staircase leading up here.
You closely miss Prince Ribbit.
Prince Ribbit is moderately wounded.
Prince Ribbit hits you.
* * * LOW HITPOINT WARNING * * *
Prince Ribbit hits you but does no damage.
You closely miss Prince Ribbit.
Prince Ribbit is moderately wounded.
You hit the crimson imp but do no damage.
Prince Ribbit misses you. The crimson imp barely misses you.
You closely miss Prince Ribbit.
Prince Ribbit is moderately wounded.
You hit the crimson imp. Prince Ribbit closely misses you.
The crimson imp blinks!
Prince Ribbit barely misses you.
You miss Prince Ribbit.
Prince Ribbit is moderately wounded.
Prince Ribbit hits you!
You die...

#...##..........#...
#...##..............
#...##.............
####...##.....5......
...
..##...##..........#
.... ..##.###
#........###...#
..##.#
##.............#
..##.#
#..........##.#
..##.#
#......F@..#..#
..#..# #............#
..#..# #[.........#.#
..#..# #..........# #
..#..# ##........##
##..## ##......##
##..# ####...#.###
#..## ......#.# ...#
#.##..##.#


You could see Prince Ribbit and a crimson imp.

Vanquished Creatures
  Sigmund (D:4)
  An ogre (D:4)
  A howler monkey (D:4)
  A jelly (D:5)
  An orc priest (D:4)
  An orc wizard (D:4)
  A worker ant (D:4)
  3 gnolls (D:3)
  5 adders
  A shadow imp (D:5)
  An ooze (D:1)
  2 worms
  4 dart slugs
  3 leopard geckos
  21 orcs
  A ball python (D:3)
  3 bats
  4 giant cockroaches
  A goblin (D:3)
  7 hobgoblins
  5 jackals
  7 kobolds
  A quokka (D:2)
  2 frilled lizards
  A quokka skeleton (D:3)
  4 rats
83 creatures vanquished.

Notes
Turn   | Place    | Note
-------+----------+-------------------------------------------
     0 | D:1      | nikopol the Gargoyle Berserker began the quest for the Orb.
     0 | D:1      | Reached XP level 1. HP: 14/14 MP: 1/1
    34 | D:1      | Reached XP level 2. HP: 12/19 MP: 2/2
   408 | D:1      | Reached skill level 3 in Axes
   547 | D:2      | Reached XP level 3. HP: 17/24 MP: 3/3
  1701 | D:3      | Reached XP level 4. HP: 28/29 MP: 4/4
  1730 | D:3      | Reached ** piety under Trog
  1842 | D:3      | Found a snail-covered altar of Cheibriados.
  2056 | D:3      | Found a bloodstained altar of Trog.
  2056 | D:3      | Found a deep blue altar of Sif Muna.
  2156 | D:3      | Reached XP level 5. HP: 24/33 MP: 5/5
  2251 | D:3      | Reached skill level 4 in Axes
  2316 | D:4      | Noticed an ogre
  2324 | D:4      | Killed an ogre
  2324 | D:4      | Reached XP level 6. HP: 39/39 MP: 6/6
  2570 | D:4      | Reached *** piety under Trog
  2879 | D:4      | Noticed Sigmund
  2891 | D:4      | Killed Sigmund
  2891 | D:4      | Reached skill level 5 in Axes
  2891 | D:4      | Reached XP level 7. HP: 33/44 MP: 7/7
  3528 | D:4      | Found a staircase to the Ecumenical Temple.
  3662 | D:5      | Entered Level 5 of the Dungeon
  3780 | D:5      | Noticed Prince Ribbit
  3801 | D:5      | Slain by Prince Ribbit

Skill      XL: |  1  2  3  4  5  6 |
---------------+-------------------+-----
Axes           | 3 4 5 |  5.6
Fighting       | 4 |  4.8
Armour         | 3 4 |  4.3
Dodging        | 2 |  2.4
Stealth        | |  0.5

Action                   |  1- 3 |  4- 6 |  7- 9 || total
-------------------------+-------+-------+-------++-------
Melee: Hand axe          |   122 |   138 |    57 ||   317
       War axe           |       |       |    49 ||    49
Invok: Berserk           |       |     3 |       ||     3
 Stab: Sleeping          |     1 |       |       ||     1
  Eat: Chunk             |     3 |     5 |     3 ||    11
       Fruit             |       |       |     2 ||     2
       Meat ration       |       |       |     1 ||     1
       Royal jelly       |       |       |     1 ||     1
Armor: Animal skin       |    22 |       |       ||    22
       Ring mail         |    27 |    70 |    50 ||   147
Dodge: Dodged            |    70 |    81 |    66 ||   217
